[ AOE2 MATCH · #472478261 ]
UnrankedMalay vs Bohemians
[ REPLAY ANALYSIS · EXTRACTED FROM THE RECORDED GAME ]
Feudal
11:36
Castle
14:28
Imperial
31:18
| APM avg | 42.4 |
| APM peak | 83 |
| eAPM avg | 26.9 |
| Villagers / military | 151 / 461 |
Focus
⚔️ 41.8% · 🌾 58.2%
Militia ×311 · Karambit Warrior ×62 · Spearman ×61 · Archer ×21 · Petard ×5 · Trebuchet (Packed) ×1
Feudal
10:50
Castle
14:24
Imperial
28:53
| APM avg | 45.4 |
| APM peak | 103 |
| eAPM avg | 21.9 |
| Villagers / military | 136 / 290 |
Focus
⚔️ 43.5% · 🌾 56.5%
Militia ×143 · Spearman ×89 · Hussite Wagon ×25 · Bombard Cannon ×25 · Trebuchet (Packed) ×4 · Mangonel ×2
Feudal
10:57
Castle
14:32
Imperial
36:22
| APM avg | 24.6 |
| APM peak | 47 |
| eAPM avg | 15.7 |
| Villagers / military | 265 / 47 |
Focus
⚔️ 18.2% · 🌾 81.8%
Scout Cavalry ×15 · Mangudai ×14 · Battering Ram ×11 · Scorpion ×3 · Spearman ×3 · Mangonel ×1
Feudal
9:43
Castle
15:17
Imperial
34:06
| APM avg | 46.1 |
| APM peak | 109 |
| eAPM avg | 30.1 |
| Villagers / military | 181 / 294 |
Focus
⚔️ 53.0% · 🌾 47.0%
Scout Cavalry ×130 · Leitis ×120 · Knight ×33 · Monk ×7 · Trebuchet (Packed) ×3 · Spearman ×1
Feudal
11:22
Castle
15:17
Imperial
36:52
| APM avg | 36.2 |
| APM peak | 72 |
| eAPM avg | 19.8 |
| Villagers / military | 168 / 100 |
Focus
⚔️ 36.7% · 🌾 63.3%
Fire Lancer ×99 · Unknown (1911) ×79 · Spearman ×1
Feudal
9:47
Castle
13:47
Imperial
—
| APM avg | 16.0 |
| APM peak | 64 |
| eAPM avg | 9.6 |
| Villagers / military | 54 / 0 |
Focus
⚔️ 14.8% · 🌾 85.2%
Feudal
10:29
Castle
15:04
Imperial
30:57
| APM avg | 47.2 |
| APM peak | 88 |
| eAPM avg | 24.3 |
| Villagers / military | 123 / 311 |
Focus
⚔️ 48.1% · 🌾 51.9%
Fire Lancer ×172 · Knight ×101 · Battering Ram ×21 · Iron Pagoda ×10 · Scout Cavalry ×5 · Monk ×2
Feudal
12:19
Castle
16:15
Imperial
30:25
| APM avg | 24.6 |
| APM peak | 59 |
| eAPM avg | 17.5 |
| Villagers / military | 137 / 440 |
Focus
⚔️ 39.0% · 🌾 61.0%
Spearman ×197 · Militia ×153 · Boyar ×86 · Monk ×4
Match map
Initial resources + every placement click. Lines = walls · curves = elevation contours. ◆ gold · ⬟ stone · ● berries · ✦ relic · ◌ wall gap
Your base· ✓ Closed at 14:28 · 1t walls · 3 gate(s)
colorado25's base· ✓ Closed at 14:24 · 0t walls · 3 gate(s)
CMD_El Primo's base· ✓ Closed at 14:32 · 0t walls · 2 gate(s)
RudyBoysk's base· ✓ Closed at 15:17 · 0t walls · 2 gate(s)
CMD_Black_Legion's base· ✓ Closed at 15:17 · 0t walls · 3 gate(s)
长乐冠希's base· ✓ Closed at 13:47 · 0t walls · 3 gate(s)
Yaksh_it's base· ✓ Closed at 15:04 · 0t walls · 2 gate(s)
CMD_Ray's base· ✓ Closed at 16:15 · 0t walls · 2 gate(s)
Smoothed initial terrain · ◌ = detected wall gap · hover for details
Inputs per minute
— CMD_AzTraL_ - - colorado25
Build order — CMD_AzTraL_
First 150 of 779 actions detected
| 0:01 | Create | Villager (Male) |
| 0:02 | Create | Villager (Male) |
| 0:02 | Create | Villager (Male) |
| 0:03 | Build | House |
| 0:04 | Build | House |
| 0:12 | Create | Villager (Male) |
| 1:33 | Create | Villager (Male) |
| 1:33 | Create | Villager (Male) |
| 1:46 | Build | Lumber Camp |
| 2:02 | Create | Villager (Male) |
| 2:17 | Create | Villager (Male) |
| 2:17 | Create | Villager (Male) |
| 2:49 | Create | Villager (Male) |
| 2:49 | Create | Villager (Male) |
| 3:07 | Create | Villager (Male) |
| 3:07 | Create | Villager (Male) |
| 3:36 | Create | Villager (Male) |
| 3:36 | Create | Villager (Male) |
| 4:11 | Create | Villager (Male) |
| 4:13 | Build | House |
| 4:41 | Create | Villager (Male) |
| 4:42 | Create | Villager (Male) |
| 4:42 | Create | Villager (Male) |
| 5:11 | Create | Villager (Male) |
| 5:11 | Create | Villager (Male) |
| 5:33 | Build | House |
| 6:08 | Build | Mill |
| 6:08 | Create | Villager (Male) |
| 6:08 | Create | Villager (Male) |
| 6:09 | Create | Villager (Male) |
| 6:27 | Build | Palisade Wall |
| 6:53 | Create | Villager (Male) |
| 7:33 | Create | Villager (Male) |
| 7:54 | Build | Mining Camp |
| 8:06 | Create | Villager (Male) |
| 8:38 | Create | Villager (Male) |
| 8:42 | Build | House |
| 8:46 | Research | Loom |
| 9:08 | Create | Villager (Male) |
| 9:08 | Create | Villager (Male) |
| 9:28 | Research | Feudal Age |
| 9:34 | Build | Farm |
| 9:35 | Build | Farm |
| 9:36 | Build | Farm |
| 9:37 | Build | Farm |
| 9:43 | Build | House |
| 10:37 | Create | Villager (Male) |
| 10:37 | Create | Villager (Male) |
| 11:36 | Age | Feudal Age |
| 11:44 | Build | Blacksmith |
| 11:48 | Build | Market |
| 12:17 | Build | Mining Camp |
| 12:24 | Create | Villager (Male) |
| 12:52 | Research | Castle Age |
| 13:19 | Research | Double-Bit Axe |
| 13:42 | Research | Horse Collar |
| 14:16 | Create | Villager (Male) |
| 14:17 | Create | Villager (Male) |
| 14:28 | Age | Castle Age |
| 14:36 | Build | Town Center |
| 14:42 | Create | Villager (Male) |
| 14:43 | Create | Villager (Male) |
| 14:57 | Create | Villager (Male) |
| 15:05 | Research | Bow Saw |
| 15:25 | Create | Villager (Male) |
| 15:26 | Create | Villager (Male) |
| 15:50 | Build | House |
| 15:51 | Build | House |
| 15:52 | Create | Villager (Male) |
| 16:13 | Create | Villager (Male) |
| 16:31 | Build | Farm |
| 16:32 | Build | Farm |
| 16:33 | Build | Farm |
| 16:34 | Create | Villager (Male) |
| 16:57 | Create | Villager (Male) |
| 16:57 | Create | Villager (Male) |
| 16:57 | Create | Villager (Male) |
| 17:10 | Build | Farm |
| 17:13 | Build | Farm |
| 17:15 | Build | House |
| 17:16 | Build | House |
| 17:18 | Build | House |
| 17:26 | Create | Villager (Male) |
| 17:26 | Create | Villager (Male) |
| 17:33 | Build | Farm |
| 17:35 | Build | Farm |
| 17:36 | Create | Villager (Male) |
| 17:36 | Create | Villager (Male) |
| 17:38 | Build | Farm |
| 17:40 | Build | Farm |
| 17:47 | Create | Villager (Male) |
| 17:48 | Create | Villager (Male) |
| 17:53 | Build | Farm |
| 18:04 | Create | Villager (Male) |
| 18:04 | Create | Villager (Male) |
| 18:04 | Create | Villager (Male) |
| 18:07 | Build | House |
| 18:13 | Build | Farm |
| 18:14 | Create | Villager (Male) |
| 18:15 | Create | Villager (Male) |
| 18:22 | Build | Farm |
| 18:25 | Create | Villager (Male) |
| 18:25 | Create | Villager (Male) |
| 18:43 | Build | Castle |
| 18:47 | Create | Villager (Male) |
| 18:47 | Create | Villager (Male) |
| 18:53 | Build | Farm |
| 18:55 | Build | Farm |
| 19:01 | Build | Farm |
| 19:07 | Create | Villager (Male) |
| 19:09 | Build | House |
| 19:10 | Build | House |
| 19:11 | Create | Villager (Male) |
| 19:18 | Build | Farm |
| 19:18 | Build | Farm |
| 19:19 | Build | Farm |
| 19:22 | Create | Villager (Male) |
| 19:29 | Build | Farm |
| 19:32 | Build | Farm |
| 19:42 | Create | Villager (Male) |
| 19:46 | Create | Villager (Male) |
| 19:46 | Create | Villager (Male) |
| 19:54 | Build | Farm |
| 19:57 | Create | Villager (Male) |
| 20:08 | Build | House |
| 20:10 | Build | House |
| 20:11 | Create | Villager (Male) |
| 20:24 | Create | Villager (Male) |
| 20:24 | Create | Villager (Male) |
| 20:42 | Research | Wheelbarrow |
| 20:45 | Create | Villager (Male) |
| 20:48 | Build | Farm |
| 20:49 | Build | Farm |
| 20:49 | Build | Farm |
| 20:49 | Build | Farm |
| 20:52 | Build | Farm |
| 20:55 | Build | Farm |
| 20:56 | Build | Farm |
| 20:57 | Build | Farm |
| 20:58 | Build | Farm |
| 21:00 | Build | Farm |
| 21:01 | Build | Farm |
| 21:02 | Build | Farm |
| 21:04 | Build | Farm |
| 21:07 | Build | Farm |
| 21:10 | Create | Villager (Male) |
| 21:10 | Create | Villager (Male) |
| 21:18 | Build | Farm |
| 21:24 | Create | Karambit Warrior |
| 21:24 | Create | Karambit Warrior |
Build order — colorado25
First 150 of 611 actions detected
| 0:01 | Create | Villager (Male) |
| 0:01 | Create | Villager (Male) |
| 0:01 | Create | Villager (Male) |
| 0:02 | Build | House |
| 0:04 | Build | House |
| 0:38 | Create | Villager (Male) |
| 0:38 | Create | Villager (Male) |
| 1:26 | Create | Villager (Male) |
| 1:57 | Build | Lumber Camp |
| 2:07 | Create | Villager (Male) |
| 2:21 | Create | Villager (Male) |
| 2:52 | Create | Villager (Male) |
| 3:07 | Create | Villager (Male) |
| 3:36 | Build | House |
| 3:37 | Build | House |
| 3:53 | Create | Villager (Male) |
| 3:54 | Create | Villager (Male) |
| 4:20 | Create | Villager (Male) |
| 4:20 | Create | Villager (Male) |
| 4:42 | Build | Mill |
| 5:09 | Create | Villager (Male) |
| 5:29 | Create | Villager (Male) |
| 5:36 | Create | Villager (Male) |
| 6:09 | Build | Mill |
| 6:10 | Create | Villager (Male) |
| 6:37 | Create | Villager (Male) |
| 6:38 | Create | Villager (Male) |
| 7:21 | Create | Villager (Male) |
| 7:48 | Build | Mining Camp |
| 8:15 | Create | Villager (Male) |
| 8:33 | Research | Feudal Age |
| 9:06 | Build | House |
| 10:35 | Create | Villager (Male) |
| 10:36 | Create | Villager (Male) |
| 10:50 | Age | Feudal Age |
| 10:55 | Build | Market |
| 10:58 | Build | Blacksmith |
| 11:44 | Research | Castle Age |
| 11:45 | Research | Castle Age |
| 11:51 | Build | House |
| 11:54 | Build | Farm |
| 11:56 | Build | Farm |
| 12:16 | Research | Double-Bit Axe |
| 12:16 | Research | Double-Bit Axe |
| 12:34 | Build | Farm |
| 12:42 | Research | Horse Collar |
| 12:42 | Research | Horse Collar |
| 13:11 | Build | Farm |
| 13:14 | Build | Farm |
| 14:24 | Age | Castle Age |
| 14:27 | Build | Town Center |
| 14:31 | Create | Villager (Male) |
| 14:32 | Create | Villager (Male) |
| 14:56 | Build | Town Center |
| 14:57 | Create | Villager (Male) |
| 15:24 | Build | Farm |
| 15:29 | Create | Villager (Male) |
| 15:50 | Build | Farm |
| 16:00 | Create | Villager (Male) |
| 16:05 | Build | Farm |
| 16:15 | Build | Farm |
| 16:19 | Create | Villager (Male) |
| 16:19 | Create | Villager (Male) |
| 16:33 | Build | Monastery |
| 16:47 | Create | Villager (Male) |
| 16:50 | Build | Farm |
| 16:51 | Create | Villager (Male) |
| 16:53 | Create | Villager (Male) |
| 17:01 | Create | Villager (Male) |
| 17:03 | Build | Farm |
| 17:07 | Build | Farm |
| 17:12 | Create | Villager (Male) |
| 17:14 | Build | Farm |
| 17:16 | Build | Farm |
| 17:17 | Create | Monk |
| 17:18 | Build | House |
| 17:29 | Create | Villager (Male) |
| 17:37 | Create | Villager (Male) |
| 17:37 | Create | Villager (Male) |
| 17:42 | Build | Farm |
| 17:46 | Build | Farm |
| 17:47 | Create | Villager (Male) |
| 17:50 | Build | House |
| 18:07 | Create | Villager (Male) |
| 18:09 | Build | Farm |
| 18:11 | Build | Farm |
| 18:33 | Build | Siege Workshop |
| 18:34 | Create | Villager (Male) |
| 18:35 | Create | Villager (Male) |
| 18:36 | Create | Villager (Male) |
| 18:38 | Build | Farm |
| 18:39 | Create | Villager (Male) |
| 19:05 | Create | Villager (Male) |
| 19:07 | Create | Villager (Male) |
| 19:08 | Build | Farm |
| 19:10 | Build | Farm |
| 19:17 | Create | Mangonel |
| 19:29 | Build | Farm |
| 19:30 | Build | Farm |
| 19:31 | Create | Villager (Male) |
| 19:32 | Create | Villager (Male) |
| 19:33 | Create | Villager (Male) |
| 19:59 | Create | Villager (Male) |
| 19:59 | Create | Villager (Male) |
| 20:16 | Create | Villager (Male) |
| 20:16 | Create | Villager (Male) |
| 20:19 | Create | Villager (Male) |
| 20:22 | Build | Town Center |
| 20:25 | Build | House |
| 20:31 | Research | Wheelbarrow |
| 20:34 | Build | Farm |
| 20:36 | Build | Farm |
| 20:37 | Build | Farm |
| 20:54 | Create | Villager (Male) |
| 20:54 | Create | Villager (Male) |
| 21:01 | Create | Villager (Male) |
| 21:09 | Create | Villager (Male) |
| 21:11 | Create | Villager (Male) |
| 21:13 | Build | Farm |
| 21:15 | Build | Farm |
| 21:18 | Build | House |
| 21:19 | Build | House |
| 21:22 | Create | Battering Ram |
| 21:24 | Create | Villager (Male) |
| 21:27 | Build | Farm |
| 21:29 | Create | Villager (Male) |
| 21:32 | Create | Villager (Male) |
| 21:47 | Create | Villager (Male) |
| 21:53 | Create | Villager (Male) |
| 21:56 | Build | Farm |
| 22:00 | Create | Villager (Male) |
| 22:01 | Create | Villager (Male) |
| 22:04 | Build | House |
| 22:04 | Build | House |
| 22:07 | Create | Villager (Male) |
| 22:12 | Build | Farm |
| 22:13 | Build | Farm |
| 22:14 | Build | Farm |
| 22:16 | Build | Farm |
| 22:17 | Build | Farm |
| 22:20 | Build | Farm |
| 22:22 | Build | Farm |
| 22:23 | Build | Farm |
| 22:31 | Create | Villager (Male) |
| 22:32 | Build | Farm |
| 22:45 | Create | Villager (Male) |
| 22:58 | Create | Villager (Male) |
| 22:58 | Create | Villager (Male) |
| 23:00 | Build | Farm |
| 23:05 | Build | Farm |
Build order — CMD_El Primo
First 150 of 489 actions detected
| 0:00 | Create | Villager (Male) |
| 0:01 | Create | Villager (Male) |
| 0:01 | Create | Villager (Male) |
| 0:02 | Create | Villager (Male) |
| 0:05 | Build | House |
| 0:07 | Build | House |
| 1:32 | Create | Villager (Male) |
| 2:05 | Create | Villager (Male) |
| 2:07 | Create | Villager (Male) |
| 2:35 | Create | Villager (Male) |
| 2:43 | Build | Lumber Camp |
| 2:59 | Create | Villager (Male) |
| 3:23 | Create | Villager (Male) |
| 3:29 | Build | House |
| 3:30 | Build | House |
| 3:43 | Create | Villager (Male) |
| 4:01 | Create | Villager (Male) |
| 4:17 | Create | Villager (Male) |
| 4:47 | Create | Villager (Male) |
| 5:10 | Create | Villager (Male) |
| 5:30 | Create | Villager (Male) |
| 5:33 | Build | Mill |
| 5:49 | Create | Villager (Male) |
| 6:22 | Create | Villager (Male) |
| 6:22 | Create | Villager (Male) |
| 6:23 | Create | Villager (Male) |
| 6:23 | Create | Villager (Male) |
| 6:23 | Create | Villager (Male) |
| 7:06 | Build | Farm |
| 7:10 | Build | Farm |
| 7:15 | Build | Farm |
| 8:15 | Research | Feudal Age |
| 8:29 | Build | Mining Camp |
| 9:00 | Create | Villager (Male) |
| 9:00 | Create | Villager (Male) |
| 9:25 | Build | House |
| 10:57 | Age | Feudal Age |
| 11:01 | Build | Market |
| 11:04 | Build | Blacksmith |
| 11:12 | Research | Double-Bit Axe |
| 11:52 | Research | Castle Age |
| 12:00 | Build | House |
| 12:02 | Build | House |
| 12:21 | Research | Horse Collar |
| 12:24 | Research | Gold Mining |
| 13:41 | Research | Wheelbarrow |
| 14:32 | Age | Castle Age |
| 14:34 | Build | Siege Workshop |
| 14:37 | Build | Siege Workshop |
| 15:09 | Build | Palisade Wall |
| 15:11 | Build | Palisade Gate |
| 15:12 | Build | Palisade Gate |
| 15:22 | Create | Battering Ram |
| 15:25 | Create | Mangonel |
| 15:34 | Create | Villager (Male) |
| 15:39 | Create | Battering Ram |
| 15:40 | Create | Battering Ram |
| 15:44 | Build | Palisade Wall |
| 15:45 | Build | Palisade Gate |
| 15:53 | Create | Villager (Male) |
| 15:53 | Create | Villager (Male) |
| 15:54 | Create | Villager (Male) |
| 15:54 | Create | Villager (Male) |
| 16:32 | Create | Villager (Male) |
| 16:34 | Create | Battering Ram |
| 16:34 | Create | Battering Ram |
| 16:55 | Create | Villager (Male) |
| 16:57 | Build | Farm |
| 17:22 | Create | Battering Ram |
| 17:32 | Build | House |
| 17:34 | Build | House |
| 17:42 | Create | Battering Ram |
| 18:05 | Create | Battering Ram |
| 18:13 | Create | Villager (Male) |
| 18:14 | Create | Villager (Male) |
| 18:14 | Create | Villager (Male) |
| 18:20 | Build | House |
| 18:38 | Create | Villager (Male) |
| 18:39 | Create | Battering Ram |
| 19:05 | Create | Scorpion |
| 19:05 | Create | Scorpion |
| 19:22 | Create | Villager (Male) |
| 19:22 | Create | Villager (Male) |
| 19:27 | Build | House |
| 19:30 | Create | Scorpion |
| 19:47 | Create | Battering Ram |
| 19:58 | Create | Battering Ram |
| 20:10 | Create | Villager (Male) |
| 20:10 | Create | Villager (Male) |
| 20:11 | Create | Villager (Male) |
| 20:38 | Build | Town Center |
| 20:40 | Build | Farm |
| 20:40 | Build | Farm |
| 20:41 | Build | Farm |
| 20:41 | Build | Farm |
| 21:04 | Create | Villager (Male) |
| 21:04 | Create | Villager (Male) |
| 21:31 | Build | Farm |
| 21:31 | Build | Farm |
| 21:32 | Build | Farm |
| 21:50 | Create | Villager (Male) |
| 21:50 | Create | Villager (Male) |
| 22:41 | Create | Villager (Male) |
| 22:41 | Create | Villager (Male) |
| 22:43 | Build | Town Center |
| 22:51 | Build | Farm |
| 22:51 | Build | Farm |
| 22:51 | Build | Farm |
| 22:52 | Build | Farm |
| 22:53 | Build | Farm |
| 22:53 | Build | Farm |
| 22:53 | Build | Farm |
| 22:54 | Build | Farm |
| 22:54 | Build | Farm |
| 22:54 | Build | Farm |
| 22:54 | Build | Farm |
| 22:59 | Create | Villager (Male) |
| 22:59 | Create | Villager (Male) |
| 23:19 | Create | Villager (Male) |
| 23:20 | Create | Villager (Male) |
| 23:26 | Build | Farm |
| 23:39 | Create | Villager (Male) |
| 23:51 | Create | Villager (Male) |
| 24:15 | Create | Villager (Male) |
| 24:20 | Create | Villager (Male) |
| 24:20 | Create | Villager (Male) |
| 24:20 | Create | Villager (Male) |
| 24:42 | Build | Town Center |
| 24:44 | Create | Villager (Male) |
| 24:45 | Create | Villager (Male) |
| 24:52 | Create | Villager (Male) |
| 24:53 | Create | Villager (Male) |
| 24:56 | Build | Farm |
| 25:01 | Build | Farm |
| 25:01 | Build | Farm |
| 25:02 | Build | Farm |
| 25:08 | Create | Villager (Male) |
| 25:09 | Create | Villager (Male) |
| 25:09 | Create | Villager (Male) |
| 25:14 | Build | House |
| 25:15 | Build | House |
| 25:37 | Create | Villager (Male) |
| 25:38 | Create | Villager (Male) |
| 25:38 | Create | Villager (Male) |
| 25:47 | Research | Horse Collar |
| 25:56 | Build | Farm |
| 25:56 | Build | Farm |
| 25:56 | Build | Farm |
| 25:56 | Build | Farm |
| 25:57 | Build | Farm |
Build order — RudyBoysk
First 150 of 609 actions detected
| 0:01 | Create | Villager (Male) ×5 |
| 0:02 | Build | House |
| 0:04 | Build | House |
| 0:07 | Create | Villager (Male) |
| 1:25 | Create | Villager (Male) |
| 1:25 | Create | Villager (Male) |
| 2:04 | Create | Villager (Male) |
| 2:32 | Create | Villager (Male) |
| 2:46 | Build | Lumber Camp |
| 2:51 | Build | Lumber Camp |
| 3:06 | Create | Villager (Male) |
| 3:06 | Create | Villager (Male) |
| 3:06 | Create | Villager (Male) |
| 3:42 | Create | Villager (Male) ×2 |
| 3:42 | Create | Villager (Male) ×2 |
| 4:00 | Create | Villager (Male) |
| 4:10 | Build | House |
| 4:56 | Create | Villager (Male) |
| 4:58 | Build | Mill |
| 4:58 | Create | Villager (Male) |
| 5:00 | Create | Villager (Male) |
| 5:24 | Create | Villager (Male) |
| 5:29 | Create | Villager (Male) |
| 5:36 | Create | Villager (Male) |
| 5:46 | Build | House |
| 6:48 | Build | Farm |
| 7:05 | Create | Villager (Male) |
| 7:33 | Research | Feudal Age |
| 7:33 | Research | Feudal Age |
| 7:39 | Build | Mining Camp |
| 8:52 | Create | Villager (Male) |
| 9:25 | Create | Villager (Male) |
| 9:43 | Age | Feudal Age |
| 9:54 | Build | Market |
| 9:54 | Create | Villager (Male) |
| 10:11 | Build | Blacksmith |
| 10:12 | Create | Villager (Male) |
| 11:59 | Research | Loom |
| 12:02 | Build | Farm |
| 12:05 | Build | Farm |
| 12:08 | Build | Farm |
| 12:18 | Build | Farm |
| 12:37 | Research | Castle Age |
| 12:37 | Research | Castle Age |
| 12:45 | Build | Farm |
| 12:57 | Build | House |
| 13:04 | Build | Barracks |
| 13:14 | Build | Farm |
| 13:34 | Research | Double-Bit Axe |
| 13:40 | Build | House |
| 13:43 | Create | Villager (Male) |
| 14:09 | Build | House |
| 14:11 | Build | House |
| 14:48 | Create | Villager (Male) |
| 14:55 | Build | Outpost |
| 15:01 | Research | Town Watch |
| 15:01 | Research | Town Watch |
| 15:17 | Age | Castle Age |
| 15:19 | Research | Bow Saw |
| 15:20 | Research | Bow Saw |
| 15:25 | Build | Town Center |
| 15:43 | Create | Villager (Male) |
| 15:50 | Create | Villager (Male) |
| 16:21 | Build | Town Center |
| 16:41 | Build | Farm |
| 16:44 | Create | Villager (Male) |
| 16:44 | Create | Villager (Male) |
| 17:03 | Create | Villager (Male) |
| 17:03 | Create | Villager (Male) |
| 17:14 | Build | Farm |
| 17:16 | Create | Villager (Male) |
| 17:19 | Create | Villager (Male) |
| 17:22 | Build | Farm |
| 17:26 | Build | Farm |
| 17:31 | Create | Villager (Male) |
| 17:31 | Create | Villager (Male) |
| 17:31 | Create | Villager (Male) |
| 17:31 | Create | Villager (Male) |
| 17:42 | Build | Farm |
| 17:49 | Research | Wheelbarrow |
| 17:50 | Research | Wheelbarrow |
| 17:58 | Build | Farm |
| 18:03 | Build | Farm |
| 18:11 | Create | Villager (Male) |
| 18:16 | Build | Farm |
| 18:21 | Create | Villager (Male) |
| 18:21 | Create | Villager (Male) |
| 18:24 | Create | Villager (Male) |
| 18:38 | Build | House |
| 18:39 | Build | House |
| 18:41 | Create | Villager (Male) |
| 18:42 | Create | Villager (Male) |
| 18:47 | Create | Spearman |
| 18:53 | Create | Villager (Male) |
| 18:54 | Create | Villager (Male) |
| 18:58 | Build | Farm |
| 19:01 | Build | Farm |
| 19:01 | Create | Villager (Male) |
| 19:01 | Create | Villager (Male) |
| 19:13 | Create | Villager (Male) |
| 19:13 | Create | Villager (Male) |
| 19:25 | Create | Villager (Male) |
| 19:25 | Create | Villager (Male) |
| 19:27 | Create | Villager (Male) |
| 19:27 | Create | Villager (Male) |
| 19:30 | Research | Horse Collar |
| 19:42 | Create | Villager (Male) |
| 19:49 | Build | Monastery |
| 19:51 | Build | Farm |
| 19:55 | Create | Villager (Male) |
| 19:56 | Create | Villager (Male) |
| 19:56 | Create | Villager (Male) |
| 19:56 | Create | Villager (Male) |
| 19:59 | Build | Farm |
| 20:02 | Create | Villager (Male) |
| 20:02 | Create | Villager (Male) |
| 20:02 | Create | Villager (Male) |
| 20:07 | Build | Farm |
| 20:09 | Create | Villager (Male) |
| 20:09 | Create | Villager (Male) |
| 20:11 | Create | Villager (Male) |
| 20:23 | Build | Farm |
| 20:26 | Create | Villager (Male) |
| 20:27 | Create | Villager (Male) |
| 20:31 | Create | Villager (Male) |
| 20:31 | Create | Villager (Male) |
| 20:32 | Create | Villager (Male) |
| 20:35 | Create | Monk |
| 20:36 | Create | Monk |
| 20:39 | Build | House |
| 20:53 | Create | Villager (Male) |
| 20:53 | Create | Villager (Male) |
| 20:53 | Create | Villager (Male) |
| 20:58 | Create | Villager (Male) |
| 20:59 | Create | Villager (Male) |
| 20:59 | Create | Villager (Male) |
| 21:02 | Build | Farm |
| 21:03 | Build | Farm |
| 21:04 | Build | Farm |
| 21:09 | Create | Villager (Male) |
| 21:09 | Create | Villager (Male) |
| 21:12 | Create | Monk |
| 21:17 | Research | Fervor |
| 21:20 | Create | Villager (Male) |
| 21:20 | Create | Villager (Male) |
| 21:20 | Create | Villager (Male) |
| 21:23 | Build | Farm |
| 21:25 | Build | Farm |
| 21:27 | Create | Villager (Male) |
| 21:33 | Research | Gold Mining |
Build order — CMD_Black_Legion
First 150 of 503 actions detected
| 0:01 | Create | Villager (Male) |
| 0:01 | Create | Villager (Male) |
| 0:01 | Create | Villager (Male) |
| 0:02 | Create | Villager (Male) |
| 0:03 | Build | House |
| 0:05 | Build | House |
| 1:28 | Create | Villager (Male) |
| 1:28 | Create | Villager (Male) |
| 1:39 | Create | Villager (Male) |
| 1:39 | Create | Villager (Male) |
| 1:48 | Build | Lumber Camp |
| 2:15 | Create | Villager (Male) |
| 2:30 | Create | Villager (Male) |
| 3:09 | Create | Villager (Male) |
| 3:32 | Create | Villager (Male) |
| 3:50 | Build | House |
| 3:56 | Build | House |
| 4:04 | Create | Villager (Male) |
| 4:16 | Build | Mill |
| 4:28 | Create | Villager (Male) |
| 4:53 | Create | Villager (Male) |
| 4:54 | Create | Villager (Male) |
| 4:54 | Create | Villager (Male) |
| 5:27 | Create | Villager (Male) |
| 5:27 | Create | Villager (Male) |
| 5:33 | Build | House |
| 5:41 | Create | Villager (Male) |
| 5:41 | Create | Villager (Male) |
| 5:42 | Create | Villager (Male) |
| 6:00 | Build | Mill |
| 6:28 | Create | Villager (Male) |
| 6:28 | Create | Villager (Male) |
| 7:06 | Create | Villager (Male) |
| 7:15 | Create | Villager (Male) |
| 7:15 | Create | Villager (Male) |
| 7:54 | Build | House |
| 8:14 | Build | Farm |
| 8:17 | Build | Farm |
| 8:21 | Build | Farm |
| 8:29 | Build | Mining Camp |
| 8:45 | Research | Loom |
| 8:45 | Research | Feudal Age |
| 9:34 | Build | Barracks |
| 9:35 | Build | House |
| 9:58 | Create | Villager (Male) |
| 9:58 | Create | Villager (Male) |
| 9:59 | Create | Villager (Male) |
| 11:22 | Age | Feudal Age |
| 11:25 | Build | Market |
| 11:35 | Build | Blacksmith |
| 11:51 | Build | House |
| 12:35 | Research | Castle Age |
| 12:36 | Research | Castle Age |
| 12:57 | Build | Barracks |
| 13:15 | Research | Double-Bit Axe |
| 13:15 | Research | Double-Bit Axe |
| 13:35 | Research | Gold Mining |
| 14:05 | Build | Barracks |
| 14:15 | Create | Villager (Male) |
| 14:15 | Create | Villager (Male) |
| 14:15 | Create | Villager (Male) |
| 14:15 | Create | Villager (Male) |
| 14:30 | Build | House |
| 14:31 | Build | House |
| 14:33 | Build | House |
| 15:14 | Research | Arson |
| 15:17 | Age | Castle Age |
| 15:19 | Create | Fire Lancer |
| 15:20 | Create | Fire Lancer |
| 15:20 | Create | Fire Lancer |
| 15:20 | Create | Fire Lancer |
| 15:20 | Create | Fire Lancer |
| 15:21 | Create | Fire Lancer |
| 15:21 | Create | Fire Lancer |
| 15:21 | Create | Fire Lancer |
| 15:22 | Create | Fire Lancer |
| 15:37 | Create | Villager (Male) |
| 15:37 | Create | Villager (Male) |
| 15:37 | Create | Villager (Male) |
| 15:50 | Create | Fire Lancer |
| 15:50 | Create | Fire Lancer |
| 15:50 | Create | Fire Lancer |
| 15:50 | Create | Fire Lancer |
| 15:51 | Create | Fire Lancer |
| 16:07 | Build | House |
| 16:08 | Build | House |
| 16:19 | Create | Fire Lancer |
| 16:19 | Create | Fire Lancer |
| 16:19 | Create | Fire Lancer |
| 16:19 | Create | Fire Lancer |
| 16:43 | Create | Fire Lancer |
| 16:44 | Create | Fire Lancer |
| 16:44 | Create | Fire Lancer |
| 17:05 | Create | Fire Lancer |
| 17:06 | Create | Fire Lancer |
| 17:06 | Create | Fire Lancer |
| 17:06 | Create | Fire Lancer |
| 17:09 | Create | Villager (Male) |
| 17:10 | Create | Villager (Male) |
| 17:12 | Create | Villager (Male) |
| 17:12 | Create | Villager (Male) |
| 17:13 | Create | Villager (Male) |
| 17:28 | Create | Fire Lancer |
| 17:28 | Create | Fire Lancer |
| 17:28 | Create | Fire Lancer |
| 17:30 | Create | Villager (Male) |
| 17:31 | Create | Villager (Male) |
| 17:31 | Create | Villager (Male) |
| 17:44 | Build | Lumber Camp |
| 17:49 | Build | Lumber Camp |
| 18:08 | Create | Fire Lancer |
| 18:08 | Create | Fire Lancer |
| 18:10 | Create | Villager (Male) |
| 18:10 | Create | Villager (Male) |
| 18:30 | Create | Fire Lancer |
| 18:30 | Create | Fire Lancer |
| 18:30 | Create | Fire Lancer |
| 18:30 | Create | Fire Lancer |
| 18:47 | Create | Fire Lancer |
| 18:47 | Create | Fire Lancer |
| 18:50 | Create | Villager (Male) |
| 18:50 | Create | Villager (Male) |
| 19:16 | Create | Fire Lancer |
| 19:16 | Create | Fire Lancer |
| 19:17 | Create | Fire Lancer |
| 19:17 | Create | Fire Lancer |
| 19:37 | Create | Fire Lancer |
| 19:37 | Create | Fire Lancer |
| 19:37 | Create | Fire Lancer |
| 19:38 | Create | Villager (Male) |
| 19:43 | Create | Fire Lancer |
| 19:44 | Create | Fire Lancer |
| 19:44 | Create | Fire Lancer |
| 19:45 | Create | Villager (Male) |
| 19:45 | Create | Villager (Male) |
| 19:46 | Create | Villager (Male) |
| 19:59 | Build | Farm |
| 20:04 | Build | Farm |
| 20:32 | Create | Fire Lancer |
| 20:33 | Create | Fire Lancer |
| 20:33 | Create | Fire Lancer |
| 20:33 | Create | Fire Lancer |
| 20:33 | Create | Fire Lancer |
| 20:35 | Create | Villager (Male) |
| 20:38 | Build | Farm |
| 20:45 | Build | Farm |
| 20:47 | Build | Mining Camp |
| 20:49 | Create | Villager (Male) |
| 20:49 | Create | Villager (Male) |
| 20:56 | Create | Spearman |
Build order — 长乐冠希
100 actions detected in the replay
| 0:02 | Create | Villager (Male) |
| 0:02 | Create | Villager (Male) |
| 0:03 | Create | Villager (Male) |
| 0:03 | Create | Villager (Male) |
| 0:05 | Build | House |
| 0:44 | Build | House |
| 0:46 | Build | House |
| 1:32 | Create | Villager (Male) |
| 1:36 | Build | House |
| 2:07 | Create | Villager (Male) |
| 2:08 | Create | Villager (Male) |
| 2:24 | Create | Villager (Male) |
| 2:42 | Build | Lumber Camp |
| 2:47 | Create | Villager (Male) |
| 2:47 | Create | Villager (Male) |
| 3:21 | Create | Villager (Male) |
| 3:22 | Create | Villager (Male) |
| 3:43 | Create | Villager (Male) |
| 3:43 | Create | Villager (Male) |
| 3:52 | Create | Villager (Male) |
| 4:19 | Create | Villager (Male) |
| 4:49 | Create | Villager (Male) |
| 4:53 | Create | Villager (Male) |
| 4:53 | Create | Villager (Male) |
| 5:05 | Build | Mill |
| 6:16 | Create | Villager (Male) |
| 6:35 | Create | Villager (Male) |
| 7:01 | Create | Villager (Male) |
| 7:37 | Research | Feudal Age |
| 8:42 | Create | Villager (Male) |
| 8:42 | Create | Villager (Male) |
| 9:47 | Age | Feudal Age |
| 9:53 | Build | Market |
| 9:57 | Build | Blacksmith |
| 10:21 | Create | Villager (Male) |
| 11:07 | Research | Castle Age |
| 11:35 | Build | House |
| 11:37 | Build | House |
| 11:46 | Create | Villager (Male) |
| 11:46 | Create | Villager (Male) |
| 12:02 | Research | Double-Bit Axe |
| 12:02 | Research | Double-Bit Axe |
| 12:16 | Build | House |
| 12:32 | Research | Horse Collar |
| 12:33 | Research | Horse Collar |
| 13:20 | Build | Farm |
| 13:24 | Build | Farm |
| 13:42 | Build | Farm |
| 13:47 | Age | Castle Age |
| 13:52 | Build | Town Center |
| 14:01 | Build | Farm |
| 14:04 | Build | Farm |
| 14:09 | Build | Farm |
| 14:15 | Build | Farm |
| 14:17 | Create | Villager (Male) |
| 14:28 | Build | Farm |
| 14:34 | Create | Villager (Male) |
| 14:44 | Create | Villager (Male) |
| 14:46 | Create | Villager (Male) |
| 14:54 | Build | Farm |
| 15:01 | Create | Villager (Male) |
| 15:01 | Create | Villager (Male) |
| 15:16 | Create | Villager (Male) |
| 15:38 | Build | Town Center |
| 15:45 | Create | Villager (Male) |
| 15:56 | Create | Villager (Male) |
| 16:08 | Create | Villager (Male) |
| 16:08 | Create | Villager (Male) |
| 16:14 | Build | Farm |
| 16:17 | Build | Farm |
| 16:22 | Create | Villager (Male) |
| 16:22 | Create | Villager (Male) |
| 16:25 | Build | Farm |
| 16:30 | Build | Farm |
| 16:49 | Build | House |
| 16:50 | Build | House |
| 16:52 | Create | Villager (Male) |
| 16:55 | Create | Villager (Male) |
| 16:55 | Create | Villager (Male) |
| 16:58 | Build | Farm |
| 17:08 | Create | Villager (Male) |
| 17:08 | Create | Villager (Male) |
| 17:12 | Build | Farm |
| 17:13 | Build | Farm |
| 17:19 | Create | Villager (Male) |
| 17:20 | Create | Villager (Male) |
| 17:28 | Build | House |
| 17:30 | Create | Villager (Male) |
| 17:31 | Create | Villager (Male) |
| 17:45 | Create | Villager (Male) |
| 17:45 | Create | Villager (Male) |
| 17:47 | Build | Farm |
| 17:51 | Build | Farm |
| 18:10 | Build | Gate |
| 18:12 | Research | Loom |
| 18:13 | Research | Loom |
| 18:13 | Create | Villager (Male) |
| 19:22 | Build | Castle |
| 19:40 | Create | Villager (Male) |
| 19:50 | Create | Villager (Male) |
Build order — Yaksh_it
First 150 of 628 actions detected
| 0:03 | Build | Mill |
| 0:05 | Research | Loom |
| 0:05 | Research | Loom |
| 0:07 | Build | House |
| 0:52 | Create | Villager (Male) |
| 0:52 | Create | Villager (Male) |
| 1:22 | Create | Villager (Male) |
| 1:32 | Build | Lumber Camp |
| 1:44 | Create | Villager (Male) |
| 1:44 | Create | Villager (Male) |
| 2:29 | Create | Villager (Male) |
| 2:42 | Create | Villager (Male) |
| 2:42 | Create | Villager (Male) |
| 3:03 | Create | Villager (Male) |
| 3:03 | Create | Villager (Male) |
| 3:03 | Create | Villager (Male) |
| 3:29 | Create | Villager (Male) |
| 3:29 | Create | Villager (Male) |
| 3:57 | Create | Villager (Male) |
| 4:18 | Create | Villager (Male) |
| 4:18 | Create | Villager (Male) |
| 4:44 | Create | Villager (Male) |
| 4:44 | Create | Villager (Male) |
| 4:53 | Build | Mill |
| 5:03 | Build | House |
| 5:09 | Create | Villager (Male) |
| 5:09 | Create | Villager (Male) |
| 5:41 | Create | Villager (Male) |
| 6:03 | Build | Farm |
| 6:11 | Create | Villager (Male) |
| 6:15 | Create | Villager (Male) |
| 6:15 | Create | Villager (Male) |
| 6:56 | Create | Villager (Male) |
| 7:09 | Build | Farm |
| 7:41 | Create | Villager (Male) |
| 8:02 | Build | Mining Camp |
| 8:07 | Research | Feudal Age |
| 8:07 | Research | Feudal Age |
| 8:35 | Build | House |
| 10:06 | Create | Villager (Male) |
| 10:06 | Create | Villager (Male) |
| 10:29 | Age | Feudal Age |
| 10:37 | Build | Market |
| 10:40 | Build | Blacksmith |
| 11:12 | Build | Farm |
| 11:13 | Create | Villager (Male) |
| 11:16 | Build | Farm |
| 12:13 | Build | Farm |
| 12:15 | Build | Farm |
| 12:19 | Create | Villager (Male) |
| 12:24 | Research | Castle Age |
| 12:24 | Research | Castle Age |
| 12:47 | Build | House |
| 13:10 | Research | Double-Bit Axe |
| 13:11 | Research | Double-Bit Axe |
| 13:20 | Build | Farm |
| 14:28 | Research | Horse Collar |
| 14:28 | Research | Horse Collar |
| 15:01 | Create | Villager (Male) |
| 15:01 | Create | Villager (Male) |
| 15:04 | Age | Castle Age |
| 15:07 | Build | Town Center |
| 15:11 | Build | Town Center |
| 15:15 | Research | Bow Saw |
| 15:16 | Research | Bow Saw |
| 15:19 | Research | Heavy Plow |
| 15:20 | Research | Heavy Plow |
| 15:20 | Research | Heavy Plow |
| 15:51 | Create | Villager (Male) |
| 16:08 | Create | Villager (Male) |
| 16:24 | Create | Villager (Male) |
| 16:36 | Build | Farm |
| 16:37 | Build | Farm |
| 16:39 | Build | Farm |
| 16:46 | Create | Villager (Male) |
| 16:56 | Create | Villager (Male) |
| 17:01 | Build | Monastery |
| 17:05 | Create | Villager (Male) |
| 17:11 | Build | Farm |
| 17:23 | Build | Farm |
| 17:30 | Build | House |
| 17:36 | Create | Villager (Male) |
| 17:42 | Build | Farm |
| 17:43 | Create | Villager (Male) |
| 17:46 | Build | Farm |
| 17:50 | Create | Monk |
| 17:50 | Create | Monk |
| 17:55 | Create | Villager (Male) |
| 18:01 | Build | Farm |
| 18:02 | Create | Villager (Male) |
| 18:05 | Build | Farm |
| 18:11 | Create | Villager (Male) |
| 18:20 | Build | Farm |
| 18:20 | Create | Villager (Male) |
| 18:31 | Build | Farm |
| 18:34 | Create | Villager (Male) |
| 18:41 | Create | Villager (Male) |
| 18:47 | Build | Farm |
| 18:50 | Build | Farm |
| 18:56 | Build | Farm |
| 18:56 | Create | Villager (Male) |
| 19:10 | Create | Villager (Male) |
| 19:15 | Build | Barracks |
| 19:20 | Build | Siege Workshop |
| 19:23 | Create | Villager (Male) |
| 19:31 | Create | Villager (Male) |
| 19:45 | Research | Wheelbarrow |
| 19:45 | Research | Wheelbarrow |
| 19:46 | Create | Iron Pagoda |
| 19:46 | Create | Iron Pagoda |
| 19:58 | Create | Villager (Male) |
| 20:12 | Build | Barracks |
| 20:18 | Create | Villager (Male) |
| 20:27 | Create | Villager (Male) |
| 20:40 | Create | Villager (Male) |
| 20:44 | Build | Farm |
| 20:48 | Build | Farm |
| 20:50 | Build | Farm |
| 20:52 | Build | Farm |
| 20:52 | Create | Villager (Male) |
| 20:55 | Create | Villager (Male) |
| 21:00 | Build | Barracks |
| 21:02 | Research | Scale Mail Armor |
| 21:02 | Research | Scale Mail Armor |
| 21:06 | Create | Fire Lancer |
| 21:06 | Create | Fire Lancer |
| 21:19 | Research | Gold Mining |
| 21:19 | Research | Gold Mining |
| 21:20 | Create | Villager (Male) |
| 21:24 | Create | Villager (Male) |
| 21:27 | Create | Villager (Male) |
| 21:51 | Research | Chain Mail Armor |
| 21:51 | Research | Chain Mail Armor |
| 21:52 | Create | Fire Lancer |
| 21:53 | Create | Fire Lancer |
| 21:55 | Create | Villager (Male) |
| 21:58 | Build | Farm |
| 22:01 | Build | Farm |
| 22:03 | Create | Villager (Male) |
| 22:06 | Create | Villager (Male) |
| 22:08 | Create | Villager (Male) |
| 22:14 | Build | Barracks |
| 22:15 | Build | Barracks |
| 22:18 | Create | Villager (Male) |
| 22:24 | Research | Squires |
| 22:24 | Research | Squires |
| 22:29 | Create | Fire Lancer |
| 22:29 | Create | Fire Lancer |
| 22:29 | Create | Fire Lancer |
| 22:42 | Create | Fire Lancer |
Build order — CMD_Ray
First 150 of 543 actions detected
| 0:01 | Create | Villager (Male) |
| 0:01 | Create | Villager (Male) |
| 0:02 | Create | Villager (Male) |
| 0:03 | Build | House |
| 0:04 | Build | House |
| 0:05 | Create | Villager (Male) |
| 0:05 | Create | Villager (Male) |
| 1:28 | Create | Villager (Male) |
| 1:59 | Create | Villager (Male) |
| 2:00 | Create | Villager (Male) |
| 2:15 | Build | House |
| 2:17 | Build | House |
| 2:18 | Build | House |
| 2:32 | Create | Villager (Male) |
| 2:32 | Create | Villager (Male) |
| 2:33 | Create | Villager (Male) |
| 3:15 | Create | Villager (Male) |
| 3:40 | Create | Villager (Male) |
| 3:51 | Create | Villager (Male) |
| 4:09 | Create | Villager (Male) |
| 4:40 | Create | Villager (Male) |
| 5:13 | Create | Villager (Male) |
| 5:18 | Build | Lumber Camp |
| 5:55 | Create | Villager (Male) |
| 5:55 | Create | Villager (Male) |
| 6:40 | Create | Villager (Male) |
| 6:57 | Build | Mill |
| 7:01 | Create | Villager (Male) |
| 7:36 | Create | Villager (Male) |
| 7:53 | Build | Mill |
| 7:54 | Create | Villager (Male) |
| 8:09 | Create | Villager (Male) |
| 8:36 | Create | Villager (Male) |
| 8:46 | Build | Mining Camp |
| 9:04 | Create | Villager (Male) |
| 9:38 | Build | Farm |
| 9:43 | Build | Farm |
| 9:44 | Create | Villager (Male) |
| 10:02 | Research | Feudal Age |
| 11:06 | Build | Farm |
| 11:09 | Build | Farm |
| 11:54 | Build | Farm |
| 12:19 | Age | Feudal Age |
| 12:20 | Research | Wheelbarrow |
| 12:20 | Research | Wheelbarrow |
| 12:26 | Build | Market |
| 12:33 | Build | Blacksmith |
| 12:37 | Create | Villager (Male) |
| 13:22 | Research | Castle Age |
| 13:27 | Research | Double-Bit Axe |
| 13:38 | Research | Horse Collar |
| 14:04 | Build | Farm |
| 14:11 | Build | Farm |
| 14:18 | Build | Farm |
| 14:24 | Build | Farm |
| 14:52 | Build | House |
| 15:09 | Build | House |
| 15:49 | Build | House |
| 16:11 | Create | Villager (Male) |
| 16:15 | Age | Castle Age |
| 16:18 | Build | Town Center |
| 16:25 | Build | Town Center |
| 16:29 | Create | Villager (Male) |
| 16:41 | Build | House |
| 16:45 | Create | Villager (Male) |
| 17:12 | Create | Villager (Male) |
| 17:32 | Create | Villager (Male) |
| 17:32 | Create | Villager (Male) |
| 17:44 | Build | Monastery |
| 17:46 | Create | Villager (Male) |
| 17:50 | Create | Villager (Male) |
| 17:51 | Create | Villager (Male) |
| 17:51 | Create | Villager (Male) |
| 18:04 | Create | Villager (Male) |
| 18:05 | Create | Villager (Male) |
| 18:08 | Build | Farm |
| 18:23 | Create | Villager (Male) |
| 18:23 | Create | Villager (Male) |
| 18:28 | Build | House |
| 18:29 | Build | House |
| 18:31 | Create | Monk |
| 18:31 | Create | Monk |
| 18:47 | Build | Farm |
| 18:55 | Build | Farm |
| 18:56 | Create | Villager (Male) |
| 18:56 | Create | Villager (Male) |
| 18:57 | Create | Villager (Male) |
| 19:00 | Build | Farm |
| 19:00 | Build | Farm |
| 19:06 | Build | Farm |
| 19:06 | Build | Farm |
| 19:08 | Create | Villager (Male) |
| 19:08 | Create | Villager (Male) |
| 19:13 | Build | Farm |
| 19:15 | Create | Villager (Male) |
| 19:24 | Build | Farm |
| 19:31 | Create | Monk |
| 19:34 | Create | Villager (Male) |
| 19:34 | Create | Villager (Male) |
| 19:37 | Build | House |
| 19:38 | Build | House |
| 19:40 | Build | House |
| 19:42 | Create | Villager (Male) |
| 19:42 | Create | Villager (Male) |
| 19:48 | Build | Farm |
| 19:56 | Build | Farm |
| 20:03 | Build | Farm |
| 20:05 | Create | Villager (Male) |
| 20:05 | Create | Villager (Male) |
| 20:06 | Create | Villager (Male) |
| 20:19 | Research | Bow Saw |
| 20:28 | Create | Monk |
| 20:35 | Create | Villager (Male) |
| 21:02 | Create | Villager (Male) |
| 21:03 | Create | Villager (Male) |
| 21:03 | Create | Villager (Male) |
| 21:03 | Create | Villager (Male) |
| 21:03 | Create | Villager (Male) |
| 21:04 | Create | Villager (Male) |
| 21:14 | Create | Villager (Male) |
| 21:14 | Create | Villager (Male) |
| 21:19 | Build | Farm |
| 21:19 | Build | Farm |
| 21:19 | Build | Farm |
| 21:20 | Build | Farm |
| 21:20 | Build | Farm |
| 21:28 | Build | Mining Camp |
| 21:32 | Build | Farm |
| 21:32 | Build | Farm |
| 21:32 | Build | Farm |
| 21:33 | Build | Farm |
| 21:33 | Build | Farm |
| 22:01 | Create | Villager (Male) |
| 22:01 | Create | Villager (Male) |
| 22:01 | Create | Villager (Male) |
| 22:02 | Create | Villager (Male) |
| 22:09 | Build | House |
| 22:10 | Build | House |
| 22:14 | Create | Villager (Male) |
| 22:15 | Create | Villager (Male) |
| 22:19 | Create | Villager (Male) |
| 22:19 | Create | Villager (Male) |
| 22:40 | Create | Villager (Male) |
| 22:40 | Create | Villager (Male) |
| 22:49 | Create | Villager (Male) |
| 22:49 | Create | Villager (Male) |
| 23:05 | Build | Town Center |
| 23:08 | Create | Villager (Male) |
| 23:08 | Create | Villager (Male) |
| 23:08 | Create | Villager (Male) |
Match timeline
| 6:27 | CMD_AzTraL_ · wall_segment Palisade Wall x1 |
| 9:34 | CMD_Black_Legion · first_building Barracks |
| 9:43 | RudyBoysk · age_up feudal |
| 9:47 | 长乐冠希 · age_up feudal |
| 10:29 | Yaksh_it · age_up feudal |
| 10:48 | 长乐冠希 · first_market_sell 500 wood |
| 10:49 | 长乐冠希 · first_market_buy 100 food |
| 10:50 | colorado25 · age_up feudal |
| 10:57 | CMD_El Primo · age_up feudal |
| 11:22 | CMD_Black_Legion · age_up feudal |
| 11:36 | CMD_AzTraL_ · age_up feudal |
| 12:19 | CMD_Ray · age_up feudal |
| 12:51 | CMD_AzTraL_ · first_market_buy 100 food |
| 13:04 | RudyBoysk · first_building Barracks |
| 13:47 | 长乐冠希 · age_up castle |
| 14:24 | colorado25 · age_up castle |
| 14:28 | CMD_AzTraL_ · age_up castle |
| 14:32 | CMD_El Primo · age_up castle |
| 14:34 | CMD_El Primo · first_building Siege Workshop |
| 15:04 | Yaksh_it · age_up castle |
| 15:09 | CMD_El Primo · wall_segment Palisade Wall x7 |
| 15:17 | RudyBoysk · age_up castle |
| 15:17 | CMD_Black_Legion · age_up castle |
| 15:18 | Yaksh_it · first_market_buy 100 wood |
| 15:44 | CMD_El Primo · wall_segment Palisade Wall x3 |
| 16:15 | CMD_Ray · age_up castle |
| 16:33 | colorado25 · first_building Monastery |
| 17:01 | Yaksh_it · first_building Monastery |
| 17:36 | colorado25 · first_market_buy 100 food |
| 17:44 | CMD_Ray · first_building Monastery |
| 18:33 | colorado25 · first_building Siege Workshop |
| 18:43 | CMD_AzTraL_ · first_building Castle |
| 19:15 | Yaksh_it · first_building Barracks |
| 19:20 | Yaksh_it · first_building Siege Workshop |
| 19:22 | 长乐冠希 · first_building Castle |
| 19:49 | RudyBoysk · first_building Monastery |
| 22:57 | CMD_Ray · first_market_buy 100 stone |
| 23:21 | RudyBoysk · first_building Stable |
| 23:28 | RudyBoysk · first_market_buy 100 wood |
| 23:47 | colorado25 · first_building Barracks |
| 23:54 | Yaksh_it · first_market_sell 100 wood |
| 24:19 | 长乐冠希 · resign |
| 24:39 | CMD_El Primo · first_market_buy 100 stone |
| 27:04 | colorado25 · first_building Castle |
| 27:38 | CMD_Ray · first_building Barracks |
| 28:41 | CMD_Ray · first_building Castle |
| 28:53 | colorado25 · age_up imperial |
| 29:43 | RudyBoysk · first_building Castle |
| 30:00 | CMD_AzTraL_ · first_building Barracks |
| 30:25 | CMD_Ray · age_up imperial |
| 30:39 | CMD_Ray · first_market_sell 100 food |
| 30:57 | Yaksh_it · age_up imperial |
| 31:08 | CMD_El Primo · first_building Castle |
| 31:18 | CMD_AzTraL_ · age_up imperial |
| 31:33 | CMD_AzTraL_ · first_building Archery Range |
| 31:45 | CMD_Ray · first_building Stable |
| 31:58 | CMD_AzTraL_ · first_market_sell 100 food |
| 32:21 | CMD_Black_Legion · first_building Castle |
| 33:09 | colorado25 · first_building Archery Range |
| 33:33 | CMD_Black_Legion · first_market_buy 100 food |
| 34:06 | RudyBoysk · age_up imperial |
| 34:42 | CMD_Black_Legion · first_building Archery Range |
| 35:38 | Yaksh_it · first_building Castle |
| 36:18 | Yaksh_it · first_building Stable |
| 36:22 | CMD_El Primo · age_up imperial |
| 36:52 | CMD_Black_Legion · age_up imperial |
| 38:25 | CMD_AzTraL_ · first_building Siege Workshop |
| 38:40 | CMD_Black_Legion · first_market_sell 100 wood |
| 40:14 | CMD_Black_Legion · wall_segment Stone Wall x8 |
| 43:12 | RudyBoysk · first_building Archery Range |
| 45:29 | RudyBoysk · first_market_sell 500 food |
| 45:33 | CMD_El Primo · first_building Barracks |
| 47:16 | CMD_El Primo · first_building Stable |
| 48:38 | CMD_Black_Legion · wall_segment Stone Wall x1 |
| 49:03 | CMD_AzTraL_ · wall_segment Stone Wall x1 |
| 49:07 | CMD_AzTraL_ · wall_segment Stone Wall x1 |
| 49:09 | CMD_AzTraL_ · wall_segment Stone Wall x3 |
| 49:10 | CMD_AzTraL_ · wall_segment Stone Wall x1 |
[ AI ANALYSIS · 1 CREDIT ]
What really happened in this match?
Wolo.gg analyzes every decision: build order, eco, micro, common mistakes by bracket. Personalized analysis on WhatsApp or Discord in 30 seconds.
Civ guide
Malay
Perfil
Jugador #10260764